 Dungeon Crawl Stone Soup version 0.28-a0-1447-ga5a8893891 (webtiles) character file.

Game seed: 7894706667283064860

219 bladeefan the Skirmisher (level 5, -10/44 HPs)
             Began as a Demonspawn Fighter on Jan 11, 2022.
             Killed by divine providence
             ... invoked by an orc priest
              (11 damage)
             ... on level 3 of the Dungeon.
             The game lasted 00:02:53 (2378 turns).

bladeefan the Skirmisher (Demonspawn Fighter)       Turns: 2378, Time: 00:02:54

Health: -10/44     AC:  7    Str: 19    XL:     5   Next: 64%
Magic:  5/5        EV:  9    Int:  9    God:
Gold:   101        SH:  4    Dex: 14    Spells: 4/4 levels left

rFire   . . .      SeeInvis .   a - +0 flail
rCold   . . .      Faith    .   c - +0 buckler
rNeg    . . .      Spirit   .   b - +0 scale mail
rPois   .          Reflect  .   (helmet restricted)
rElec   .          Harm     .   (no cloak)
rCorr   .          Rampage  .   (no gloves)
Will    .....                   (no boots)
Stlth   +.........              (no amulet)
HPRegen 0.14/turn               (no ring)
MPRegen 0.09/turn               (no ring)

@: invisible
A: antennae 1, thin skeletal structure 1
a: no special abilities


You were on level 3 of the Dungeon.
You visited 1 branch of the dungeon, and saw 3 of its levels.

You collected 101 gold pieces.

Inventory:

Hand Weapons
 a - a +0 flail (weapon)
Armour
 b - a +0 scale mail (worn)
 c - a +0 buckler (worn)
Jewellery
 g - a ring of positive energy
   (You found it on level 2 of the Dungeon)
Potions
 d - a potion of magic {unknown}
 h - a potion of brilliance {unknown}
 j - a potion of flight {unknown}
 k - 2 potions of attraction {unknown}


   Skills:
 * Level 5.0 Fighting
 + Level 3.0 Maces & Flails
 + Level 3.7 Armour
 - Level 2.6 Shields


You had 4 spell levels left.
You didn't know any spells.
Your spell library contained the following spells:

 Spells                   Type           Power      Damage    Failure   Level
 Freeze                   Ice            0%         1d3       85%         1
 Frozen Ramparts          Ice            0%         1d2       99%         3
 Tukima's Dance           Hex            0%         N/A       99%         3
 Hailstorm                Conj/Ice       0%         3d3       100%        4
 Passage of Golubria      Tloc           0%         N/A       100%        4
 Yara's Violent Unravell  Hex/Tmut       0%         3d3       100%        5


Dungeon Overview and Level Annotations

Branches:
Dungeon (3/15)

Altars:


Innate Abilities, Weirdness & Mutations

You have a pair of small antennae on your head.
You have a somewhat thin skeletal structure. (Dex +2, Stealth+)


Message History

An orc is nearby!
An orc is nearby!
An orc is nearby!
An orc is nearby!
You hit the orc. The orc barely misses you.
You sock the orc!
You kill the orc!
No target in view!
No target in view!
No target in view!
You see here a +0 whip.
An orc priest comes into view. It is wielding a +0 long sword.
The orc priest shouts!
An orc priest is nearby!
An orc priest is nearby!
An orc priest is nearby!
An orc comes into view. It is wielding a +0 falchion.
The orc shouts!
An orc comes into view. It is wielding a +0 dagger.
A giant cockroach comes into view.
Found 14 gold pieces.
An orc comes into view. It is wielding a +0 club.
The orc priest mumbles some strange prayers to Beogh against you.
Beogh smites you!
You closely miss the orc priest.
The giant cockroach waves its antennae.
The orc barely misses you.
You sock the orc priest!
The orc priest hits you with a +0 long sword!
The orc hits you but does no damage.
The giant cockroach bites you but does no damage.
You hit the orc priest but do no damage.
The orc priest calls down the wrath of Beogh upon you.
Beogh smites you!
* * * LOW HITPOINT WARNING * * *
The giant cockroach bites you but does no damage.
The orc hits you but does no damage.
The orc priest mumbles some strange prayers to Beogh against you.
Beogh smites you!
* * * LOW HITPOINT WARNING * * *
You aren't carrying any scrolls.
You block the giant cockroach's attack.
You fade into invisibility!
The orc barely misses you. The orc hits you with a +0 dagger.
* * * LOW HITPOINT WARNING * * *
The orc priest hits you but does no damage.
You block the giant cockroach's attack.
The orc priest invokes the aid of Beogh against you.
Beogh smites you!
You die...

### #<# #)# #.#
##########.#
...........#
.........@.#
.......ooo.#
........B..#
........o......
..........#####
..........#
..........#
..........+
...$......#


You could see an orc priest, 3 orcs and a giant cockroach.

Vanquished Creatures
  Sigmund (D:2)
  3 adders (D:2)
  A worm (D:2)
  An orc (D:3)
  4 bats
  2 giant cockroaches
  8 goblins
  4 hobgoblins
  6 kobolds
  A quokka (D:2)
  5 ball pythons
  3 frilled lizards
  3 rats (D:1)
42 creatures vanquished.

Notes
Turn   | Place    | Note
-------+----------+-------------------------------------------
     0 | D:1      | bladeefan the Demonspawn Fighter began the quest for the
                  | Orb.
     0 | D:1      | Reached XP level 1. HP: 18/18 MP: 1/1
   306 | D:1      | Found a faded altar of an unknown god.
   318 | D:1      | Gained mutation: You have a pair of small antennae on your
                  | head. [demonic ancestry]
   318 | D:1      | Reached XP level 2. HP: 24/24 MP: 2/2
  1158 | D:2      | Reached XP level 3. HP: 29/30 MP: 3/3
  1641 | D:2      | Reached skill level 4 in Fighting
  1965 | D:2      | Gained mutation: You have a somewhat thin skeletal
                  | structure. (Dex +2, Stealth+) [demonic ancestry]
  1965 | D:2      | Reached XP level 4. HP: 35/37 MP: 4/4
  2097 | D:2      | Noticed Sigmund
  2102 | D:2      | Killed Sigmund
  2103 | D:2      | Reached skill level 5 in Fighting
  2103 | D:2      | Reached XP level 5. HP: 41/44 MP: 5/5
  2375 | D:3      | HP: 2/44 [orc priest/divine providence (10)]
  2378 | D:3      | Killed from afar by an orc priest

Illustrated notes

Levels and vault maps discovered:
D:1:      heliophobic_arrival_enchanted_forest, layout_basic,
          chequers_ecumenical_altar_simple, minmay_pentomino_r2
D:2:      layout_loops_corners, hangedman_abyss_or_decor_stabs, minmay_circle_x,
          uniq_sigmund
D:3:      layout_basic, grunt_temple_overflow_open, portal_sewer_entry_b,
          grunt_decor_fettered

Skill      XL: |  1  2  3  4 |
---------------+-------------+-----
Maces & Flails | 2 3 |  3.0
Armour         | 3 |  3.7
Fighting       | 4 5 |  5.0
Shields        | |  2.6

Action                   |  1- 3 |  4- 6 || total
-------------------------+-------+-------++-------
Melee: Flail             |   150 |    13 ||   163
  Use: Potion            |       |     2 ||     2
       Scroll            |       |     3 ||     3
Armor: Scale mail        |    79 |     7 ||    86
Dodge: Dodged            |    70 |     7 ||    77
Block: Buckler           |    43 |     3 ||    46

Table legend: (Time is in decaauts)
 A = Elapsed time spent in this place.
 B = Non-inter-level travel time spent in this place.
 C = Inter-level travel time spent in this place.
 D = Time resting spent in this place.
 E = Time spent auto-exploring this place.
 F = Levels seen in this place.
 G = Mean time per level.
                   A        B        C        D        E       F      G
               +--------+--------+--------+--------+--------+-----+--------+
         Total |   2432 |   2397 |     35 |    532 |   1458 |   3 |  810.7 |
       Dungeon |   2432 |   2397 |     35 |    532 |   1458 |   3 |  810.7 |
               +--------+--------+--------+--------+--------+-----+--------+

Top non-repeatable levels by time:
     D:2: 1553 daAuts
     D:1: 857 daAuts
     D:3: 21 daAuts
